 Dungeon Crawl Stone Soup version 0.19.5 (webtiles) character file.

131 Ponchio the Magician (level 4, -5/24 HPs)
             Began as a Deep Elf Conjurer on Mar 17, 2017.
             Killed from afar by an orc wizard (8 damage)
             ... with a magic dart
             ... on level 3 of the Dungeon.
             The game lasted 00:13:09 (3352 turns).

Ponchio the Magician (Deep Elf Conjurer)            Turns: 3352, Time: 00:13:09

Health: -5/24      AC:  2    Str:  4 (5)  XL:     4   Next: 91%
Magic:  1/15       EV: 13    Int: 20 (21) God:
Gold:   120        SH:  0    Dex: 13 (15) Spells: 2 memorised, 13 levels left

rFire  . . .     SeeInvis .     i - +0 dagger
rCold  . . .     Gourm    .     s - +0 robe
rNeg   . . .     Faith    .     (no shield)
rPois  .         Spirit   .     (no helmet)
rElec  .         Reflect  .     (no cloak)
rCorr  .         Harm     .     (no gloves)
MR     .....                    (no boots)
Stlth  ++........               (no amulet)
                                (no ring)
                                (no ring)

@: no status effects
A: no striking features
a: no special abilities


You were on level 3 of the Dungeon.
You were not hungry.

You visited 1 branch of the dungeon, and saw 3 of its levels.

You collected 120 gold pieces.

Inventory:

Hand Weapons
 i - a +0 dagger (weapon)
 y - a +0 long sword
Armour
 a - a +0 robe
 s - a +0 robe (worn)
Scrolls
 d - 3 scrolls of enchant weapon {unknown}
 e - a scroll of teleportation {unknown}
 f - 5 scrolls of identify {unknown}
 g - a scroll of remove curse {unknown}
 h - a scroll of random uselessness {unknown}
 j - a scroll of enchant armour {unknown}
 t - a scroll of magic mapping {unknown}
 u - a scroll of fog {unknown}
 v - a scroll of immolation {unknown}
Potions
 k - 2 potions of cure mutation {unknown}
 m - 2 potions of degeneration
 n - 2 potions of lignification {unknown}
 p - a potion of brilliance {unknown}
 x - a potion of agility {unknown}
Books
 b - a book of Conjurations

   Spells                             Type                      Level
   a - Magic Dart                     Conjuration                  1
   b - Searing Ray                    Conjuration                  2
   c - Dazzling Spray                 Conjuration/Hexes            3
   d - Fulminant Prism                Conjuration/Hexes            4
   e - Iskenderun's Mystic Blast      Conjuration                  4
   f - Iskenderun's Battlesphere      Conjuration/Charms           5
Comestibles
 c - 5 bread rations
 o - a slice of pizza
 q - 2 meat rations
 r - a beef jerky
 w - a royal jelly
 z - 2 chunks of flesh


   Skills:
 - Level 2.4 Dodging
 - Level 2.4 Stealth
 + Level 7.0 Spellcasting
 - Level 4.3 Conjurations


You had 13 spell levels left.
You knew the following spells:

 Your Spells              Type           Power        Failure   Level  Hunger
a - Magic Dart            Conj           ###.         1%          1    None
b - Dazzling Spray        Conj/Hex       ###...       14%         3    #......


Dungeon Overview and Level Annotations

Branches:
Dungeon (3/15)

Altars:

Annotations:
D:2 Ijyb


Message History

The orc wizard points at you and mumbles some strange words.
The puff of frost hits you! The orc wizard closely misses you.
The orc wizard hits you with a dagger.
* * * LOW HITPOINT WARNING * * *
Casting: Magic Dart
Confirm with . or Enter, or press ? or * to list all spells.
Aiming: Magic Dart
Press: ? - help, Shift-Dir - straight line, f/p - orc wizard
Aim: an orc wizard, wielding a dagger and wearing a robe (heavily wounded, fast)
The magic dart hits the orc wizard.
The orc wizard is almost dead.
The orc wizard is no longer moving quickly.
The orc wizard misses you.
It was a potion of degeneration.
There was something very wrong with that liquid.
You feel weakened.
You feel dopey.
You feel clumsy. The orc wizard casts a spell at you. The magic dart hits you!
You die...

.#.........#...###########.#+#...
...........'.....................
.#.........##............#.#.#...
...........##.########.#.#<......
.........####.# #.#.#.#.#...
.........# #.# #.#.#.#.#...
......)..####.#### #.#.#.#.#...
>..............o.## #.#.#.#.#...
.......(.......#@.# #.#.#.#.#...
...............##.# #.#.# #.#...
........)......##.####.#.# #.#...
........................<#.#.####
...##.รท........##.####.#(#.#.....
...##..........##........#.######
...##.............####..........
############.......# #.......... #
#.......###..........


You could see an orc wizard.

Vanquished Creatures
  An orc priest (D:3)
  An adder (D:2)
  4 worms
  3 dart slugs
  4 leopard geckos
  2 orcs (D:3)
  9 bats
  2 giant cockroaches
  4 goblins
  11 hobgoblins
  6 jackals (D:1)
  7 kobolds
  6 frilled lizards
  5 rats
65 creatures vanquished.

Notes
Turn   | Place    | Note
-------+----------+-------------------------------------------
     0 | D:1      | Ponchio the Deep Elf Conjurer began the quest for the Orb.
     0 | D:1      | Reached XP level 1. HP: 10/10 MP: 6/6
   145 | D:1      | Reached XP level 2. HP: 12/15 MP: 0/8
   235 | D:1      | Reached skill level 4 in Spellcasting
   840 | D:1      | Reached XP level 3. HP: 19/19 MP: 7/11
  1298 | D:1      | Reached skill level 5 in Spellcasting
  1503 | D:1      | Learned a level 3 spell: Dazzling Spray
  1723 | D:2      | Noticed Ijyb
  2511 | D:2      | You fall through a shaft!
  2512 | D:3      | Reached XP level 4. HP: 24/24 MP: 11/13
  2523 | D:3      | Reached skill level 6 in Spellcasting
  3317 | D:3      | Reached skill level 7 in Spellcasting
  3352 | D:3      | Killed from afar by an orc wizard

Skill      XL: |  1  2  3  4 |
---------------+-------------+-----
Spellcasting   | 4 5 7 |  7.0
Dodging        | |  2.4
Stealth        | |  2.4
Conjurations   | |  4.3

Action                   |  1- 3 |  4- 6 || total
-------------------------+-------+-------++-------
Melee: Unarmed           |     2 |       ||     2
       Dagger            |    10 |     7 ||    17
 Cast: Magic Dart        |    95 |    56 ||   151
       Dazzling Spray    |     3 |     2 ||     5
  Use: Potion            |       |     5 ||     5
  Eat: Chunk             |     3 |     3 ||     6
       Beef jerky        |     1 |       ||     1
Armor: Robe              |     5 |     5 ||    10
Dodge: Dodged            |    31 |    10 ||    41
